 Dungeon Crawl Stone Soup version 0.26.0-16-gc1dbca0489 (webtiles) character file.

Game seed: 10292710721042385513

14547 EnegeticOcto the Severer (level 11, -2/93 HPs)
             Began as a Deep Dwarf Fighter on Jan 18, 2021.
             Was a Follower of Hepliaklqana.
             Killed by divine providence
             ... invoked by Saint Roka
              (13 damage)
             ... on level 2 of the Orcish Mines.
             The game lasted 00:18:06 (2202 turns).

EnegeticOcto the Severer (Deep Dwarf Fighter)       Turns: 2202, Time: 00:18:07

Health: -2/93      AC: 21    Str: 23    XL:     11   Next: 90%
Magic:  18/18 (9)  EV:  9    Int: 12    God:    Hepliaklqana [*.....]
Gold:   1328       SH: 11    Dex: 14    Spells: 24/24 levels left

rFire    . . .     SeeInvis .   C - +1 war axe (freeze)
rCold    x . .     Faith    .   c - +1 kite shield
rNeg     + . .     Spirit   .   x - +2 shadow dragon scales
rPois    +         Reflect  .   o - +2 helmet {Int+3}
rElec    +         Harm     .   B - +2 cloak
rCorr    .         Rampage  .   (no gloves)
Will     +....                  f - +1 pair of boots
Stlth    ++........             y - amulet of Cainaesao {RegenMP *Slow rElec rPois}
HPRegen  0.00/turn              m - +4 ring of evasion
MPRegen  0.41/turn              z - ring of Stoicism {rPois rC- rN+ MP+9 Dex+2}

@: non-regenerating
A: damage resistance, heal wounds, reduced essence, sense surroundings 2, no
regeneration
a: Heal Wounds, Renounce Religion, Recall Ancestor, Ancestor Identity


You were on level 2 of the Orcish Mines.
You worshipped Hepliaklqana.
Hepliaklqana was aware of your devotion.
You visited 3 branches of the dungeon, and saw 14 of its levels.

You collected 1328 gold pieces.

Inventory:

Hand Weapons
 a - a +0 war axe
 C - a +1 war axe of freezing (weapon)
   (You took it off an orc on level 2 of the Orcish Mines)
 D - a +0 broad axe
   (You took it off an orc warrior on level 2 of the Orcish Mines)
Armour
 b - a +0 scale mail
 c - a +1 kite shield (worn)
 f - a +1 pair of boots (worn)
   (You found it on level 8 of the Dungeon)
 o - a +2 helmet of intelligence (worn)
   (You found it on level 7 of the Dungeon)
 s - a +0 chain mail
   (You found it on level 9 of the Dungeon)
 x - +2 shadow dragon scales (worn)
   (You found it on level 11 of the Dungeon)
 B - a +2 cloak (worn)
   (You took it off Maurice on level 1 of the Orcish Mines)
Jewellery
 m - a +4 ring of evasion (left hand)
   (You found it on level 6 of the Dungeon)
 u - an uncursed ring of wizardry
   (You took it off a wight on level 11 of the Dungeon)
 y - the amulet of Cainaesao (around neck) {RegenMP *Slow rElec rPois}
   (You found it on level 11 of the Dungeon)

   [amulet of magic regeneration]

   It increases your magic regeneration.
   It insulates you from electricity.
   It protects you from poison.
   It may slow you when you take damage.
 z - the ring of Stoicism (right hand) {rPois rC- rN+ MP+9 Dex+2}
   (You found it on level 11 of the Dungeon)

   [ring of positive energy]

   It affects your dexterity (+2).
   It makes you vulnerable to cold.
   It protects you from poison.
   It protects you from negative energy.
   It affects your magic capacity (+9).
Wands
 q - a wand of digging (6) {@v3}
   (You took it off a wight on level 7 of the Dungeon)
 A - a wand of disintegration (7)
   (You took it off Maurice on level 1 of the Orcish Mines)
Scrolls
 g - 3 scrolls of teleportation {@r3 !r}
 i - a scroll of magic mapping {@r5 !r}
 j - a scroll of enchant armour
 p - a scroll of vulnerability {unknown}
 t - a scroll of identify {unknown}
Potions
 d - a potion of might {@q3 !q}
 e - a potion of haste {unknown}
 h - 4 potions of curing {unknown}
 l - 2 potions of cancellation {unknown}
 n - a potion of lignification {unknown}
 r - a potion of brilliance {unknown}
Miscellaneous
 v - a condenser vane (inert)
   (You found it on level 11 of the Dungeon)
 w - a lightning rod (inert)
   (You found it on level 11 of the Dungeon)


   Skills:
 + Level 8.4 Fighting
 * Level 15.7 Axes
 - Level 3.2 Armour
 - Level 3.2 Shields
 + Level 7.1 Spellcasting


You had 24 spell levels left.
You didn't know any spells.
Your spell library was empty.

Dungeon Overview and Level Annotations

Branches:
Dungeon (11/15)            Temple (1/1) D:7            Lair (0/6) D:9
    Orc (2/2) D:11
    Elf: Orc:2

Altars:
Ashenzari
Cheibriados
Elyvilon
Gozag
Hepliaklqana
Kikubaaqudgha
Nemelex Xobeh
Trog
Uskayaw
Wu Jian
Xom
Zin
The Shining One
Beogh

Shops:
Orc:2 [=

Annotations:
Orc:2 Azrael, Saint Roka


Innate Abilities, Weirdness & Mutations

You are resistant to damage.
You can heal yourself by infusing magical energy.
You passively map the area around you.
You do not regenerate.
Your life essence is reduced to manifest your ancestor. (-10% HP)


Message History

Evoke which item? (* to show all) (? for menu, Esc to quit)
Aiming: Corrosive Bolt
Press: ? - help, Shift-Dir - straight line, f/p - Saint Roka
Aim: Saint Roka, wielding a +0 war axe and wearing a +3 plate armour of cold resistance (heavily wounded, covered in acid, 17% to evade)
The bolt of acid hits Saint Roka!
Saint Roka is splashed with acid.
Saint Roka seems to be corroded for longer.
Saint Roka is heavily wounded.
Saint Roka hits you with a +0 war axe.
Evoke which item? (* to show all) (? for menu, Esc to quit)
Aiming: Corrosive Bolt
Press: ? - help, Shift-Dir - straight line, f/p - Saint Roka
Aim: Saint Roka, wielding a +0 war axe and wearing a +3 plate armour of cold resistance (heavily wounded, covered in acid, 17% to evade)
The bolt of acid hits Saint Roka.
Saint Roka is splashed with acid.
Saint Roka is heavily wounded.
The now-empty wand crumbles to dust.
The hell hound breathes flames at you. The blast of flame hits you!
Saint Roka hits you but does no damage.
Press: ? - help, v - describe, . - travel
Here: Saint Roka, wielding a +0 war axe and wearing a +3 plate armour of cold resistance (heavily wounded, covered in acid)
The floor, spattered with blood.
Unknown command.
Unknown command.
You slash Saint Roka! You freeze Saint Roka.
Saint Roka is severely wounded.
You hit Saint Roka.
Saint Roka is severely wounded.
Saint Roka invokes the aid of Beogh against you.
Beogh smites you!
You hit Saint Roka.
Saint Roka is severely wounded.
Saint Roka hits you with a +0 war axe.
You hit Saint Roka.
Saint Roka is severely wounded.
You hit the hell hound. You freeze the hell hound.
The hell hound bites you but does no damage.
Your magical essence is drained by the effort!
You feel much better.
Azrael the Boundless Flame comes into view.
He is wielding a +2 scimitar of flaming.
You block the hell hound's attack. Saint Roka hits you with a +0 war axe!!
Your magical essence is drained by the effort!
You feel much better.
The hell hound bites you but does no damage.
Saint Roka hits you with a +0 war axe. The hell hound bites you!
You barely miss Saint Roka.
Saint Roka is severely wounded.
You miss the hell hound. The hell hound barely misses you.
Saint Roka hits you with a +0 war axe!!
You are too injured to fight recklessly!
You are too injured to fight recklessly!
You are too injured to fight recklessly!
You feel much better. You block the hell hound's attack.
A fire elemental comes into view.
The hell hound barely misses you.
You slash Saint Roka! You freeze Saint Roka.
Saint Roka is severely wounded.
You slash the hell hound! You freeze the hell hound.
Saint Roka mumbles some strange prayers to Beogh against you.
Beogh smites you! The hell hound bites you.
A fire elemental comes into view.
You closely miss the hell hound.
The hell hound is almost dead.
You hit Saint Roka but do no damage.
Saint Roka mumbles some strange prayers to Beogh against you.
Beogh smites you!
The hell hound bites you but does no damage.
You are too injured to fight recklessly!
You are too injured to fight recklessly!
You are too injured to fight recklessly!
You are too injured to fight recklessly!
You are too injured to fight recklessly!
You are too injured to fight recklessly!
You are too injured to fight recklessly!
You are too injured to fight recklessly!
You are too injured to fight recklessly!
You are too injured to fight recklessly!
You are too injured to fight recklessly!
You are too injured to fight recklessly!
You are too injured to fight recklessly!
You are too injured to fight recklessly!
You hit Saint Roka.
Saint Roka is severely wounded.
You hit the hell hound. You freeze the hell hound.
You kill the hell hound!
Saint Roka hits you but does no damage. Azrael gestures at you.
The bolt of fire hits you!!
* * * LOW HITPOINT WARNING * * *
You slash Saint Roka!
Saint Roka is severely wounded.
A fire elemental comes into view.
You barely miss Saint Roka.
Saint Roka is severely wounded.
Saint Roka hits you but does no damage.
You barely miss Saint Roka.
Saint Roka is severely wounded.
Your shield prevents you from hitting Azrael.
Azrael closely misses you.
Saint Roka invokes the aid of Beogh against you.
Beogh smites you!
You die...

* ,
..##°☼☼....##.. ,
*,, ,
###.°)).....###,
, ,
#....☼8)8.....##
, *
.....E°.).......*
, ,
.....○°†).......
*
.....#E))#......,
,,
....##8E8##.....
*
,.####.))R.####..
* * * #...o@..#
#, * ,
#.........# ,, ,
* #..8._.8..# , ,
, #.........# * ,
,,* ##.......## ,
,, ,* ##.....##
,8 * ##8.8## * ,
, ##### *


You could see Saint Roka (corroded), Azrael and 3 fire elementals.

Vanquished Creatures
  A hydra (D:11)
  A centaur warrior (D:9)
  3 two-headed ogres
  An orc high priest (Orc:2)
  A wizard (D:11)
  2 orc knights (Orc:2)
  2 orc sorcerers (Orc:2)
  A gargoyle (D:11)
  5 trolls
  A slime creature (D:11)
  2 yaks (D:9)
  A warg (Orc:2)
  A hell hound (Orc:2)
  A sky beast (D:11)
  A hornet zombie (D:11)
  An eye of draining (shapeshifter) (D:11)
  4 ogres
  13 orc warriors
  3 centaurs
  5 bullfrogs
  A big kobold (D:11)
  A gnoll sergeant (D:11)
  2 killer bees (D:10)
  2 scorpions
  11 wights
  3 howler monkeys
  3 jellies
  A hound (D:7)
  2 centaur skeletons
  2 gnoll shamans (Orc:1)
  11 orc priests
  8 orc wizards
  A worker ant (D:6)
  16 gnolls
  3 adders
  A shadow imp (D:6)
  An ooze (D:2)
  An adder zombie (D:7)
  A dart slug (D:1)
  A leopard gecko (D:11)
  41 orcs
  2 bats
  5 goblins
  2 hobgoblins
  7 jackals
  A quokka (D:3)
  A ball python (D:3)
  2 frilled lizards (D:1)
  5 kobolds
  3 rats (D:2)
191 creatures vanquished.

Vanquished Creatures (collateral kills)
  An orc knight (Orc:2)
  Maurice (Orc:1)
  3 yaks
  An orc warrior (Orc:2)
  2 ogres
  A centaur (D:8)
  A bullfrog (D:11)
  A scorpion (D:10)
  A killer bee (D:10)
  2 wights (D:7)
  A howler monkey (D:8)
  2 orc priests
  A worker ant (D:11)
  An orc wizard (Orc:2)
  A hound zombie (D:9)
  An adder (D:7)
  6 orcs
  2 quokkas
  A jackal zombie (D:9)
30 creatures vanquished.

Vanquished Creatures (others)
  7 ancestors
  A giant cockroach (D:5)
  4 fungi (D:9)
  11 plants (D:9)
23 creatures vanquished.

Grand Total: 244 creatures vanquished

Notes
Turn   | Place    | Note
-------+----------+-------------------------------------------
     0 | D:1      | EnegeticOcto the Deep Dwarf Fighter began the quest for the
                  | Orb.
     0 | D:1      | Reached XP level 1. HP: 20/20 MP: 1/1
    86 | D:2      | Reached skill level 3 in Axes
    88 | D:2      | Reached XP level 2. HP: 24/27 MP: 2/2
   131 | D:2      | Reached skill level 4 in Axes
   131 | D:2      | Reached XP level 3. HP: 26/33 MP: 3/3
   187 | D:3      | Noticed a centaur
   205 | D:3      | Killed a centaur
   206 | D:3      | Reached skill level 5 in Axes
   206 | D:3      | Reached XP level 4. HP: 36/40 MP: 4/4
   210 | D:3      | Reached XP level 5. HP: 41/46 MP: 5/5
   254 | D:5      | Entered Level 5 of the Dungeon
   293 | D:5      | Reached skill level 6 in Axes
   323 | D:4      | Noticed a phantom
   429 | D:6      | Your magical essence is drained by the effort!
   437 | D:6      | Your magical essence is drained by the effort!
   439 | D:6      | Reached skill level 7 in Axes
   439 | D:6      | Reached XP level 6. HP: 14/55 MP: 4/4
   445 | D:6      | Reached skill level 8 in Axes
   533 | D:6      | Your magical essence is drained by the effort!
   597 | D:7      | Reached XP level 7. HP: 51/61 MP: 4/4
   606 | D:7      | Reached skill level 9 in Axes
   638 | D:7      | Found a staircase to the Ecumenical Temple.
   660 | Temple   | Entered the Ecumenical Temple
   709 | Temple   | Became a worshipper of Hepliaklqana the Forgotten
   779 | D:7      | Reached skill level 10 in Axes
   806 | D:7      | You fall into a shaft and drop 1 floor!
   810 | D:8      | Reached XP level 8. HP: 29/61 MP: 2/5
   822 | D:8      | Reached skill level 3 in Fighting
   830 | D:8      | Reached skill level 1 in Spellcasting
   902 | D:9      | Reached skill level 2 in Spellcasting
   913 | D:9      | Reached skill level 11 in Axes
   920 | D:9      | Reached skill level 4 in Fighting
   942 | D:9      | Noticed a centaur warrior
   964 | D:9      | Killed a centaur warrior
   965 | D:9      | Reached skill level 12 in Axes
   965 | D:9      | Reached skill level 3 in Spellcasting
   965 | D:9      | Gained mutation: You passively map the area around you.
                  | [Deep Dwarf growth]
   965 | D:9      | Reached XP level 9. HP: 34/72 MP: 9/11
  1007 | D:10     | Entered Level 10 of the Dungeon
  1025 | D:10     | Reached skill level 5 in Fighting
  1121 | D:11     | Reached skill level 4 in Spellcasting
  1148 | D:11     | Noticed a troll
  1171 | D:11     | Noticed a gargoyle
  1180 | D:11     | Killed a troll
  1197 | D:11     | Your magical essence is drained by the effort!
  1204 | D:11     | Your magical essence is drained by the effort!
  1206 | D:11     | Noticed a wizard
  1207 | D:11     | Reached XP level 10. HP: 54/81 MP: 11/11
  1212 | D:11     | Killed a gargoyle
  1213 | D:11     | Reached skill level 13 in Axes
  1213 | D:11     | Killed a wizard
  1214 | D:11     | Reached skill level 6 in Fighting
  1223 | D:11     | Your magical essence is drained by the effort!
  1261 | D:11     | Reached skill level 5 in Spellcasting
  1275 | D:11     | Got a brightly glowing crystal amulet
  1278 | D:11     | Got a clouded brass ring
  1288 | D:11     | Identified the amulet of Cainaesao {RegenMP *Slow rElec
                  | rPois} (You found it on level 11 of the Dungeon)
  1288 | D:11     | Identified the ring of Stoicism {rPois rC- rN+ MP+9 Dex+2}
                  | (You found it on level 11 of the Dungeon)
  1376 | D:11     | Found a staircase to the Orcish Mines.
  1426 | D:11     | Noticed a seven-headed hydra
  1439 | D:11     | Killed an 11-headed hydra
  1440 | D:11     | Reached skill level 14 in Axes
  1461 | Orc:1    | Entered Level 1 of the Orcish Mines
  1494 | Orc:1    | Reached skill level 7 in Fighting
  1508 | Orc:1    | Reached * piety under Hepliaklqana
  1581 | Orc:2    | Entered Level 2 of the Orcish Mines
  1582 | Orc:2    | Noticed a two-headed ogre
  1586 | Orc:2    | Killed a two-headed ogre
  1637 | Orc:1    | Reached XP level 11. HP: 51/90 MP: 13/13
  1644 | Orc:1    | Noticed a two-headed ogre
  1653 | Orc:1    | Your magical essence is drained by the effort!
  1661 | Orc:1    | Killed a two-headed ogre
  1662 | Orc:1    | Reached skill level 6 in Spellcasting
  1692 | Orc:1    | Noticed Maurice
  1693 | Orc:1    | Your magical essence is drained by the effort!
  1719 | Orc:1    | Killed Maurice
  1901 | Orc:2    | Found Miblecint's Armour Emporium.
  1901 | Orc:2    | Noticed an orc knight
  1933 | Orc:2    | Killed an orc knight
  1941 | Orc:2    | Found Wicasan's Jewellery Shoppe.
  1941 | Orc:2    | Noticed an orc knight
  1967 | Orc:2    | Killed an orc knight
  1968 | Orc:2    | Reached skill level 15 in Axes
  1996 | Orc:2    | Found a roughly hewn altar of Beogh.
  2024 | Orc:2    | Noticed an orc sorcerer
  2024 | Orc:2    | Noticed an orc knight
  2024 | Orc:2    | Noticed a two-headed ogre
  2024 | Orc:2    | Noticed an orc high priest
  2032 | Orc:2    | Killed an orc sorcerer
  2036 | Orc:2    | Your magical essence is drained by the effort!
  2039 | Orc:2    | Killed a two-headed ogre
  2040 | Orc:2    | Reached skill level 8 in Fighting
  2045 | Orc:2    | Killed an orc high priest
  2056 | Orc:2    | Killed an orc knight
  2057 | Orc:2    | Reached skill level 7 in Spellcasting
  2153 | Orc:2    | Found a roughly hewn altar of Beogh.
  2153 | Orc:2    | Noticed Saint Roka
  2153 | Orc:2    | Noticed an orc sorcerer
  2155 | Orc:2    | Your magical essence is drained by the effort!
  2172 | Orc:2    | Killed an orc sorcerer
  2193 | Orc:2    | Your magical essence is drained by the effort!
  2193 | Orc:2    | Noticed Azrael
  2194 | Orc:2    | Your magical essence is drained by the effort!
  2202 | Orc:2    | Killed from afar by Saint Roka

Illustrated notes

Levels and vault maps discovered:
D:1:      dpeg_arrival_short_road, layout_rooms, minmay_misc_feat_rugged
D:2:      layout_rooms
D:3:      layout_basic, minitemple, minmay_misc_feat_iff
D:4:      minmay_bubble_buster, layout_loops_corners
D:5:      layout_cave_pods, lemuel_coloured_pillars_altar, uniq_edmund,
          uniq_prince_ribbit1
D:6:      layout_basic, minmay_statues_item, hex_intersection,
          serial_bayou_ford_a
D:7:      layout_layer_cave, temple_doors_e, serial_shops, shop
D:8:      layout_basic, grunt_temple_overflow_lords_of_destruction, uniq_joseph
D:9:      layout_basic, grunt_lair_entry_orc_guard_hut,
          ebering_ghost_funeral_grove
D:10:     layout_long_grid
D:11:     minmay_the_grid_triangle_9x9_rhombus_thin_mashed
          [minmay_the_grid_triangle_9x9_sprig,
          minmay_the_grid_triangle_9x9_prize_center,
          minmay_the_grid_triangle_9x9_steps,
          minmay_the_grid_triangle_9x9_alien], layout_grid_maze, orc_david_3,
          serial_shops, nicolae_shop_trees, grunt_dithmenos_smoke_and_mirrors
Temple:   dshaligram_water_room_temple
Orc:1:    layout_caves, uniq_maurice
Orc:2:    pubby_orc_utopia, serial_shops, uniq_azrael

Skill      XL: |  1  2  3  4  5  6  7  8  9 10 11 |
---------------+----------------------------------+-----
Axes           | 3 4 5 7 8 10 12 14 15 | 15.7
Fighting       | 4 5 7 8 |  8.4
Spellcasting   | 3 4 5 7 |  7.1
Armour         | |  3.2
Shields        | |  3.2

Action                   |  1- 3 |  4- 6 |  7- 9 | 10-12 || total
-------------------------+-------+-------+-------+-------++-------
Melee: War axe           |    63 |    58 |   189 |   272 ||   582
Invok: Recall Ancestor   |       |       |     3 |     1 ||     4
 Abil: Heal Wounds       |     2 |     5 |     9 |    29 ||    45
Evoke: Lightning rod     |       |       |       |     7 ||     7
       Wand              |       |       |       |    12 ||    12
       Condenser vane    |       |       |       |     1 ||     1
  Use: Scroll            |       |     1 |     6 |       ||     7
 Stab: Distracted        |       |       |       |     3 ||     3
       Confused          |       |       |       |     5 ||     5
Armor: Scale mail        |    54 |    39 |    41 |       ||   134
       Chain mail        |       |       |   101 |     7 ||   108
       Shadow dragon sca |       |       |       |   184 ||   184
Dodge: Dodged            |    47 |    48 |   102 |   127 ||   324
Block: Kite shield       |    62 |    61 |   148 |   240 ||   511
